 Dungeon Crawl Stone Soup version 0.28-a0-1038-g9c4cb8273d (webtiles) character file.

Game seed: 8811096265920288037

555 siradein the Ducker (level 7, -10/55 HPs)
             Began as a Vampire Monk on Dec 9, 2021.
             Mangled by a gnoll (12 damage)
             ... on level 4 of the Dungeon.
             The game lasted 00:11:02 (3690 turns).

siradein the Ducker (Vampire Monk)                  Turns: 3690, Time: 00:11:02

Health: -10/55     AC:  4    Str: 12    XL:     7   Next: 8%
Magic:  7/7        EV: 14    Int: 12    God:
Gold:   104        SH:  5    Dex: 17    Spells: 6/6 levels left

rFire   . . .      SeeInvis +   q - +0 scimitar
rCold   + . .      Faith    .   (no shield)
rNeg    . . .      Spirit   .   p - +1 leather armour {Will+}
rPois   .          Reflect  +   (no helmet)
rElec   .          Harm     .   (no cloak)
rCorr   .          Rampage  .   (no gloves)
Will    +....                   (no boots)
Stlth   ++........              h - amulet of reflection
HPRegen 0.38/turn               d - ring of protection from cold
MPRegen 0.10/turn               (no ring)

@: lethally poisoned (-10 -> -11), healing quickly, hasted, very quick
A: alive, fangs 3, see invisible, vampiric 2
a: Exsanguinate


You were on level 4 of the Dungeon.
You visited 1 branch of the dungeon, and saw 4 of its levels.

You collected 104 gold pieces.

Inventory:

Hand Weapons
 q - a +0 scimitar (weapon)
Missiles
 f - a throwing net (quivered)
Armour
 p - a +1 leather armour of willpower (worn)
Jewellery
 d - a ring of protection from cold (left hand)
 h - an amulet of reflection (around neck)
Scrolls
 a - a scroll of vulnerability {unknown}
 b - 2 scrolls of torment {unknown}
 g - a scroll of enchant weapon {unknown}
 i - a scroll of acquirement {unknown}
 k - a scroll of fear {unknown}
 l - 2 scrolls of identify {unknown}
 m - a scroll of amnesia {unknown}
Potions
 c - a potion of haste
 e - a potion of magic {unknown}
 j - a potion of brilliance {unknown}
 n - a potion of flight {unknown}
 o - a potion of curing {unknown}


   Skills:
 + Level 4.4 Fighting
 + Level 4.8 Long Blades
 + Level 2.6 Armour
 + Level 5.3 Dodging
 - Level 3.2 Stealth


You had 6 spell levels left.
You didn't know any spells.
Your spell library contained the following spells:

 Spells                   Type           Power      Damage    Failure   Level
 Animate Skeleton         Necr           0%         N/A       38%         1
 Pain                     Necr           0%         1d4       38%         1
 Stone Arrow              Conj/Erth      0%         3d7       77%         3
 Vampiric Draining        Necr           0%         2d6       77%         3
 Animate Armour           Summ/Erth      0%         N/A       99%         4
 Lehudib's Crystal Spear  Conj/Erth      0%         10d2      100%        8


Dungeon Overview and Level Annotations

Branches:
Dungeon (4/15)
 Temple: D:4-7

Altars:

Shops:
D:2 [   D:3 [[:[


Innate Abilities, Weirdness & Mutations

Your natural rate of healing is accelerated.
You have razor-sharp teeth.
You have supernaturally acute eyesight. (SInv)
You are afflicted with vampirism and can become a bat while bloodless.


Message History

The adder closely misses you.
There is a stone staircase leading down here.
The adder barely misses you. The adder barely misses you.
The adder closely misses you.
An orc breaks down the door.
You hit the adder.
The adder is heavily wounded.
The adder barely misses you.
You barely miss the adder.
The adder is heavily wounded.
The adder barely misses you. You block the orc's attack.
The adder closely misses you.
The gnoll sergeant hits you from afar with a +6 spear of venom!
You are poisoned.
You feel very sick.
You feel very sick. The orc hits you with a +0 mace.
* * * LOW HITPOINT WARNING * * *
* * * LOW HITPOINT WARNING * * *
You feel very sick.
* * * LOW HITPOINT WARNING * * *
You feel very sick.
* * * LOW HITPOINT WARNING * * *
You feel sick.
* * * LOW HITPOINT WARNING * * *
You feel sick.
* * * LOW HITPOINT WARNING * * *
You feel sick. The adder closely misses you.
* * * LOW HITPOINT WARNING * * *
You feel sick.
* * * LOW HITPOINT WARNING * * *
You feel sick.
* * * LOW HITPOINT WARNING * * *
You feel sick.
It was a potion of haste.
You feel yourself speed up.
* * * LOW HITPOINT WARNING * * *
You feel sick. The adder closely misses you.
The gnoll hits you from afar with a +0 halberd!
You die...

≈≈≈≈.................#
..g≈≈................#
...≈..............g..#
.....................#
.....................#
..................g..#
..####'####..####gg######
.###..####So###..##
.........@........#
..................#
..................#
.......<..........#
..................#
..................# #
########..###...###'#########
####....###..###.>.##.....#....#
.#........#..............#.....#


You could see 4 gnolls, an adder and an orc.

Vanquished Creatures
  An ogre (D:4)
  2 scorpions (D:4)
  A wight (D:3)
  A hound (D:4)
  A centaur skeleton (D:4)
  An orc wizard (D:3)
  A hound skeleton (D:4)
  6 gnolls
  6 adders
  An adder skeleton (D:4)
  A worm (D:1)
  4 dart slugs
  5 orcs (D:3)
  12 endoplasms
  7 giant cockroaches (D:1)
  5 goblins
  3 hobgoblins
  6 jackals
  7 kobolds
  A quokka (D:2)
  2 ball pythons
  5 bats
  4 frilled lizards
  12 rats
95 creatures vanquished.

Notes
Turn   | Place    | Note
-------+----------+-------------------------------------------
     0 | D:1      | siradein the Vampire Monk began the quest for the Orb.
     0 | D:1      | Reached XP level 1. HP: 17/17 MP: 1/1
     1 | D:1      | Found a runed translucent door.
   222 | D:1      | Reached XP level 2. HP: 19/23 MP: 2/2
   362 | D:1      | Gained mutation: You are afflicted with vampirism and can
                  | become a bat while bloodless. [Vampire growth]
   362 | D:1      | Reached XP level 3. HP: 17/29 MP: 3/3
   846 | D:1      | Reached skill level 4 in Dodging
   869 | D:1      | Reached XP level 4. HP: 35/35 MP: 4/4
   964 | D:2      | Reached skill level 1 in Armour
  1151 | D:2      | Found Otagah's Armour Emporium.
  1537 | D:2      | You fall into a shaft and drop 1 floor!
  1547 | D:3      | Found Bobeng's Armour Shop.
  1623 | D:3      | Found Onoc's Armour Shop.
  1657 | D:3      | Found Jukeats's Book Emporium.
  1675 | D:3      | Found Soiczaf's Armour Shoppe.
  2063 | D:3      | Reached XP level 5. HP: 25/41 MP: 5/5
  2804 | D:3      | Reached XP level 6. HP: 15/45 MP: 6/6
  3351 | D:4      | Reached skill level 5 in Dodging
  3589 | D:4      | Reached XP level 7. HP: 45/55 MP: 7/7
  3689 | D:4      | HP: 2/55 [poisoned by a gnoll sergeant]
  3690 | D:4      | Mangled by a gnoll

Illustrated notes

Levels and vault maps discovered:
D:1:      dpeg_arrival_caged_fury, layout_rooms
D:2:      layout_basic, serial_shops, nicolae_shop_hallway_stairs,
          grunt_decor_resistance
D:3:      layout_loops_ring, serial_shops, nicolae_shop_window_shopping, shop,
          shop, nicolae_shop_trees, roderic_nine_men_s_morris
D:4:      layout_gridville, chequers_serial_rivers_small_a

Skill      XL: |  1  2  3  4  5  6 |
---------------+-------------------+-----
Fighting       | 3 4 |  4.4
Dodging        | 4 5 |  5.3
Armour         | 1 2 |  2.6
Long Blades    | 4 |  4.8
Stealth        | |  3.2

Action                   |  1- 3 |  4- 6 |  7- 9 || total
-------------------------+-------+-------+-------++-------
Melee: Falchion          |    99 |   145 |       ||   244
       Bite              |     3 |    29 |       ||    32
       Scimitar          |       |    54 |     7 ||    61
Throw: Throwing net      |       |     1 |       ||     1
  Use: Potion            |       |       |     1 ||     1
 Stab: Sleeping          |     3 |     6 |       ||     9
       Held in net/web   |       |     2 |       ||     2
Armor: Robe              |     6 |       |       ||     6
       Ring mail         |    12 |    34 |       ||    46
       Leather armour    |       |    15 |       ||    15
Dodge: Dodged            |    45 |   113 |    19 ||   177
Block: Other             |       |    38 |     3 ||    41

Table legend: (Time is in decaauts)
 A = Elapsed time spent in this place.
 B = Non-inter-level travel time spent in this place.
 C = Inter-level travel time spent in this place.
 D = Time resting spent in this place.
 E = Time spent auto-exploring this place.
 F = Levels seen in this place.
 G = Mean time per level.
                   A        B        C        D        E       F      G
               +--------+--------+--------+--------+--------+-----+--------+
         Total |   3733 |   3677 |     56 |    420 |   2235 |   4 |  933.2 |
       Dungeon |   3733 |   3677 |     56 |    420 |   2235 |   4 |  933.2 |
               +--------+--------+--------+--------+--------+-----+--------+

Top non-repeatable levels by time:
     D:3: 1350 daAuts
     D:1: 897 daAuts
     D:2: 892 daAuts
     D:4: 593 daAuts
